Pick #1

Connor Bedard
Pick #2

Leo Carlsson
Pick #3

Adam Fantilli
Pick #4

Matvei Michkov
Pick #5

David Reinbacher
Pick #6

William Smith
Pick #7

Zachary Benson
Pick #8

Ryan Leonard
Pick #9

Gabriel Perreault
Pick #10

Axel Sandin-Pellika
Pick #11

Daniil But
Pick #12

Dalibor Dvorsky
Pick #13

Quentin Musty
Pick #14

Brayden Yager
Pick #15

Dmitry Simashev
Pick #16

Colby Barlow
Pick #17

Andrew Cristall
Pick #18

Easton Cowan
Pick #19

Jacob Fowler
Pick #20

Oliver Moore
Pick #21

Oliver Bonk
Pick #22

Tom Willander
Pick #23

Calum Ritchie
Pick #24

Tanner Molendyk
Pick #25

Gavin Brindley
Pick #26

Nate Danielson
Pick #27

Pick #28

Pick #29

Pick #30

Pick #31

Pick #32

Pick #33

Pick #34

Pick #35

Pick #36

Pick #37

Pick #38

Pick #39

Pick #40

Pick #41

Pick #42

Pick #43

Pick #44

Pick #45

Pick #46

Pick #47

Pick #48

Pick #49

Pick #50

Pick #51

Pick #52

Pick #53

Pick #54

Pick #55

Pick #56

Pick #57

Pick #58

Pick #59

Pick #60

Pick #61

Pick #62

Pick #63

Pick #64

Pick #65

Pick #66

Pick #67

Pick #68

Pick #69

Pick #70

Pick #71

Pick #72

Pick #73

Pick #74

Pick #75

Pick #76

Pick #77

Pick #78

Pick #79

Pick #80

Pick #81

Pick #82

Pick #83

Pick #84

Pick #85

Pick #86

Pick #87

Pick #88

Pick #89

Pick #90

Pick #91

Pick #92

Pick #93

Pick #94

Pick #95

Pick #96

Pick #97

Pick #98

Pick #99

Pick #100

Pick #101

Pick #102

Pick #103

Pick #104

Pick #105

Pick #106

Pick #107

Pick #108

Pick #109

Pick #110

Pick #111

Pick #112

Pick #113

Pick #114

Pick #115

Pick #116

Pick #117

Pick #118

Pick #119

Pick #120

Pick #121

Pick #122

Pick #123

Pick #124

Pick #125

Pick #126

Pick #127

Pick #128

Pick #129

Pick #130

Full Scoreboard »»

Islanders vs Devils

Created - November 3, 2023 at 08:13

Goals
1 2 3 OT1 T
Islanders 0 1 2 0 3
Devils 0 0 3 1 4
Shots
1 2 3 OT1 T
Islanders 7 9 17 0 33
Devils 11 9 6 3 29

GoalsPenalties
1st period
No Goal
No Penalty
2nd period
1. Islanders , Brad Marchand 2 (Shea Theodore 6, Brent Burns 11) at 9:53 (PP)
Tanner Jeannot (NYI) for High sticking (Minor) at 3:27
Damon Severson (NJD) for Hooking (Minor) at 8:09
3rd period
2. Devils , Evgeni Malkin 5 (Nino Niederreiter 4, Damon Severson 6) at 1:55
3. Islanders , Ryan Graves 1 (Connor McDavid 10, Jake Guentzel 3) at 7:43
4. Devils , Matt Boldy 3 (Erik Gustafsson 6) at 12:39
5. Islanders , Shayne Gostisbehere 4 (Neal Pionk 6, Connor McDavid 11) at 16:01 (PP)
6. Devils , Mikhail Sergachev 2 (Travis Konecny 5, Chris Kreider 6) at 19:48
Damon Severson (NJD) for Slashing (Double Minor) at 13:24
Overtime #1
7. Devils , Dougie Hamilton 1 (Chris Kreider 7, Sam Reinhart 6) at 2:08
No Penalty
Goalie Stats
Igor Shesterkin (NYI), 25 saves from 29 shots - (0.862), OTL, 5-4-2, 62:09 minutes
Filip Gustavsson (NJD), 30 saves from 33 shots - (0.909), W, 2-0-0, 61:35 minutes
3 StarsOfficial
1 - Dougie Hamilton (NJD)
2 - Chris Kreider (NJD)
3 - Evgeni Malkin (NJD)
Referees : Francis Charron and Jon McIsaac
Linesman : Jesse Marquis and Mark Shewchyk
Game Note
No Game Note
Finance
Level 1 -- Attendance: 6000 (100.00%) -- Ticket Income $672,000
Level 2 -- Attendance: 5000 (100.00%) -- Ticket Income $405,000
Level 3 -- Attendance: 2000 (100.00%) -- Ticket Income $160,000
Level 4 -- Attendance: 2787 (76.88%) -- Ticket Income $41,805
Luxury Box -- Attendance: 1000 (100.00%) -- Ticket Income $195,000
Game was played at the Prudential Center.
Total Attendance: 16787 (95.25%)
Total Ticket Income: $1,473,805
Other Income: $368,451
Total Income: $1,842,256



Team Name Goals Shots Shots Attemp Shots Blocked PIM HIT PP PK FO%
Islanders 33370102212 / 3 (67%)048%
Devils 42967116220 / 1 (0%)252%

Islanders
Player Name POS G A P +/- PIM HIT SHT SB MP PP MP PP SHT PK MP PK SHT FO% FOT
Barrett HaytonC000000109:100:0001:15036% 14
Brad MarchandLW1010023021:242:3621:040100% 1
Brent BurnsD0110002125:561:3511:0800% 0
Chandler StephensonC0000005120:401:4500:00045% 22
Connor McDavidC0221014021:272:3610:00069% 26
Jake GuentzelLW0111021021:442:3600:3500% 1
Jean-Gabriel PageauC000-4011011:550:0001:04042% 19
Justin HollD000-1000212:370:0000:0000% 0
Kevin RooneyC000000007:550:0000:0000% 1
Kyle PalmieriC000-201209:490:0000:0000% 0
Mason MarchmentLW000-3010011:581:4500:0000% 1
Michael BuntingLW0000001017:360:0000:0000% 1
Neal PionkD011-1051122:472:4600:5100% 0
Pavel BuchnevichLW0000007019:571:4520:0000% 2
Ryan GravesD101-2001016:020:0000:0000% 0
Shayne GostisbehereD101-1012319:352:4620:5100% 0
Shea TheodoreD0110041225:121:3511:0800% 0
Tanner JeannotLW000-123108:430:0000:0000% 0
Devils
Player Name POS G A P +/- PIM HIT SHT SB MP PP MP PP SHT PK MP PK SHT FO% FOT
Chris KreiderLW0222024018:400:5000:00080% 5
Damon SeversonD0111611118:331:0910:0000% 0
Dominik KubalikLW000000005:000:0000:0000% 0
Dougie HamiltonD1012013324:530:5003:1300% 0
Dylan CozensC0000010019:010:0003:04056% 18
Erik GustafssonD0111001121:121:0902:3700% 0
Evgeni MalkinC1011025018:081:0900:00050% 26
Justin SchultzD0000021219:410:0002:5200% 0
Kyle OkposoRW000001008:040:0003:040100% 1
Mathieu JosephRW0000012117:140:0001:17067% 3
Matt BoldyLW1011004017:271:0900:00033% 3
Mike HoffmanLW0000001115:570:0000:0000% 2
Mikhail SergachevD1011011020:590:5000:0000% 0
Nicklas BackstromC000000106:170:0001:17050% 8
Nino NiederreiterRW0111061017:271:0900:0000% 0
Sam ReinhartC0112012118:400:5000:00055% 20
Travis KonecnyRW0111022018:020:5000:0000% 2
Urho VaakanainenD0000010116:490:0000:0000% 0



Play-by-Play

1st period


0:01 of 1st period - Connor McDavid wins face-off versus Sam Reinhart in neutral zone.
0:01 of 1st period - Shea Theodore is hit by Chris Kreider and loses puck.
0:16 of 1st period - Shot by Travis Konecny.
0:16 of 1st period - Stopped by Igor Shesterkin without a rebound.
0:17 of 1st period - Matt Boldy wins face-off versus Michael Bunting in Islanders zone.
0:28 of 1st period - Shot by Chandler Stephenson.
0:28 of 1st period - Stopped by Filip Gustavsson with a rebound.
0:40 of 1st period - Shot by Pavel Buchnevich.
0:40 of 1st period - Stopped by Filip Gustavsson without a rebound.
0:41 of 1st period - Dylan Cozens wins face-off versus Jean-Gabriel Pageau in Devils zone.
0:41 of 1st period - Dylan Cozens is hit by Kyle Palmieri.
0:47 of 1st period - Shot by Dylan Cozens.
0:47 of 1st period - Shot Misses the Net.
0:49 of 1st period - Shot by Mathieu Joseph.
0:49 of 1st period - Shot Misses the Net.
0:51 of 1st period - Shot by Justin Schultz.
0:51 of 1st period - Stopped by Igor Shesterkin with a rebound.
0:53 of 1st period - Shot by Mathieu Joseph.
0:53 of 1st period - Stopped by Igor Shesterkin without a rebound.
0:54 of 1st period - Nicklas Backstrom wins face-off versus Barrett Hayton in Islanders zone.
1:00 of 1st period - Icing by Shea Theodore.
1:01 of 1st period - Mathieu Joseph wins face-off versus Barrett Hayton in Islanders zone.
1:02 of 1st period - Shot by Mike Hoffman.
1:02 of 1st period - Shot Misses the Net.
1:26 of 1st period - Shot by Mathieu Joseph.
1:26 of 1st period - Stopped by Igor Shesterkin without a rebound.
1:27 of 1st period - Connor McDavid wins face-off versus Sam Reinhart in Islanders zone.
1:27 of 1st period - Brad Marchand is hit by Chris Kreider and loses puck.
2:01 of 1st period - Shot by Brad Marchand.
2:01 of 1st period - Shot Misses the Net.
2:26 of 1st period - Icing by Dougie Hamilton.
2:27 of 1st period - Sam Reinhart wins face-off versus Chandler Stephenson in Devils zone.
2:44 of 1st period - Michael Bunting is hit by Nino Niederreiter.
3:18 of 1st period - Chandler Stephenson is hit by Nino Niederreiter and loses puck.
3:44 of 1st period - Icing by Shea Theodore.
3:45 of 1st period - Nicklas Backstrom wins face-off versus Chandler Stephenson in Islanders zone.
4:12 of 1st period - Shot by Jean-Gabriel Pageau.
4:12 of 1st period - Stopped by Filip Gustavsson without a rebound.
4:13 of 1st period - Dylan Cozens wins face-off versus Connor McDavid in Devils zone.
4:44 of 1st period - Shot by Dylan Cozens.
4:44 of 1st period - Shot Misses the Net.
4:46 of 1st period - Shot by Dougie Hamilton.
4:46 of 1st period - Stopped by Igor Shesterkin without a rebound.
4:47 of 1st period - Jean-Gabriel Pageau wins face-off versus Evgeni Malkin in Islanders zone.
4:47 of 1st period - Shayne Gostisbehere is hit by Nino Niederreiter and loses puck.
5:04 of 1st period - Shot by Evgeni Malkin.
5:04 of 1st period - Shot Misses the Net.
6:17 of 1st period - Icing by Mike Hoffman.
6:18 of 1st period - Dylan Cozens wins face-off versus Chandler Stephenson in Devils zone.
6:26 of 1st period - Icing by Michael Bunting.
6:27 of 1st period - Sam Reinhart wins face-off versus Chandler Stephenson in Islanders zone.
6:36 of 1st period - Shot by Sam Reinhart.
6:36 of 1st period - Stopped by Igor Shesterkin with a rebound.
6:38 of 1st period - Shot by Travis Konecny.
6:38 of 1st period - Shot Misses the Net.
6:40 of 1st period - Shot by Sam Reinhart.
6:40 of 1st period - Stopped by Igor Shesterkin without a rebound.
6:41 of 1st period - Dylan Cozens wins face-off versus Connor McDavid in Islanders zone.
6:57 of 1st period - Icing by Ryan Graves.
6:58 of 1st period - Connor McDavid wins face-off versus Sam Reinhart in Islanders zone.
6:58 of 1st period - Connor McDavid is hit by Travis Konecny.
7:06 of 1st period - Shot by Travis Konecny.
7:06 of 1st period - Stopped by Igor Shesterkin without a rebound.
7:07 of 1st period - Sam Reinhart wins face-off versus Barrett Hayton in Islanders zone.
7:14 of 1st period - Shot by Chris Kreider.
7:14 of 1st period - Shot Misses the Net.
7:22 of 1st period - Shot by Barrett Hayton.
7:22 of 1st period - Shot Blocked by Urho Vaakanainen.
9:03 of 1st period - Off-side.
9:04 of 1st period - Connor McDavid wins face-off versus Evgeni Malkin in neutral zone.
9:09 of 1st period - Shot by Connor McDavid.
9:09 of 1st period - Stopped by Filip Gustavsson without a rebound.
9:10 of 1st period - Evgeni Malkin wins face-off versus Connor McDavid in Devils zone.
9:19 of 1st period - Shot by Evgeni Malkin.
9:19 of 1st period - Stopped by Igor Shesterkin without a rebound.
9:20 of 1st period - Jean-Gabriel Pageau wins face-off versus Evgeni Malkin in Islanders zone.
9:20 of 1st period - Jean-Gabriel Pageau is hit by Evgeni Malkin.
9:38 of 1st period - Shot by Evgeni Malkin.
9:38 of 1st period - Shot Blocked by Shayne Gostisbehere.
9:47 of 1st period - Nino Niederreiter is hit by Neal Pionk and loses puck.
9:53 of 1st period - Matt Boldy is hit by Shayne Gostisbehere and loses puck.
11:17 of 1st period - Mathieu Joseph is hit by Jake Guentzel and loses puck.
11:35 of 1st period - Icing by Mikhail Sergachev.
11:36 of 1st period - Barrett Hayton wins face-off versus Mike Hoffman in Devils zone.
12:10 of 1st period - Icing by Justin Holl.
12:11 of 1st period - Barrett Hayton wins face-off versus Sam Reinhart in Islanders zone.
12:11 of 1st period - Barrett Hayton is hit by Sam Reinhart.
12:33 of 1st period - Shot by Sam Reinhart.
12:33 of 1st period - Shot Misses the Net.
12:35 of 1st period - Shot by Sam Reinhart.
12:35 of 1st period - Shot Misses the Net.
13:03 of 1st period - Chris Kreider is hit by Tanner Jeannot and loses puck.
13:23 of 1st period - Shot by Erik Gustafsson.
13:23 of 1st period - Stopped by Igor Shesterkin without a rebound.
13:24 of 1st period - Connor McDavid wins face-off versus Evgeni Malkin in Islanders zone.
13:46 of 1st period - Jake Guentzel is hit by Damon Severson and loses puck.
14:47 of 1st period - Shot by Pavel Buchnevich.
14:47 of 1st period - Stopped by Filip Gustavsson with a rebound.
14:49 of 1st period - Shot by Chandler Stephenson.
14:49 of 1st period - Shot Misses the Net.
14:56 of 1st period - Dominik Kubalik is hit by Neal Pionk and loses puck.
15:33 of 1st period - Off-side.
15:34 of 1st period - Sam Reinhart wins face-off versus Jean-Gabriel Pageau in neutral zone.
16:19 of 1st period - Shot by Travis Konecny.
16:19 of 1st period - Shot Misses the Net.
16:42 of 1st period - Shot by Evgeni Malkin.
16:42 of 1st period - Shot Misses the Net.
16:52 of 1st period - Shot by Nino Niederreiter.
16:52 of 1st period - Shot Misses the Net.
16:54 of 1st period - Shot by Evgeni Malkin.
16:54 of 1st period - Stopped by Igor Shesterkin without a rebound.
16:55 of 1st period - Barrett Hayton wins face-off versus Dylan Cozens in Islanders zone.
16:59 of 1st period - Neal Pionk is hit by Mathieu Joseph.
17:13 of 1st period - Shot by Barrett Hayton.
17:13 of 1st period - Stopped by Filip Gustavsson without a rebound.
17:14 of 1st period - Chandler Stephenson wins face-off versus Nicklas Backstrom in Devils zone.
17:27 of 1st period - Shot by Nicklas Backstrom.
17:27 of 1st period - Shot Blocked by Shea Theodore.
17:35 of 1st period - Shot by Pavel Buchnevich.
17:35 of 1st period - Shot Misses the Net.
17:37 of 1st period - Shot by Pavel Buchnevich.
17:37 of 1st period - Shot Misses the Net.
18:12 of 1st period - Shot by Neal Pionk.
18:12 of 1st period - Stopped by Filip Gustavsson without a rebound.
18:13 of 1st period - Connor McDavid wins face-off versus Evgeni Malkin in Devils zone.
19:39 of 1st period - Travis Konecny is hit by Shea Theodore and loses puck.
19:54 of 1st period - Shot by Chris Kreider.
19:54 of 1st period - Shot Misses the Net.
Goals for this period are 0 for Islanders vs 0 for Devils.
Shots for this period are 7 for Islanders vs 11 for Devils.

2nd period


0:01 of 2nd period - Chandler Stephenson wins face-off versus Mike Hoffman in neutral zone.
0:30 of 2nd period - Shot by Mike Hoffman.
0:30 of 2nd period - Shot Blocked by Neal Pionk.
0:32 of 2nd period - Shot by Mathieu Joseph.
0:32 of 2nd period - Shot Blocked by Shayne Gostisbehere.
0:34 of 2nd period - Shot by Dylan Cozens.
0:34 of 2nd period - Shot Blocked by Shayne Gostisbehere.
0:38 of 2nd period - Shot by Mathieu Joseph.
0:38 of 2nd period - Shot Misses the Net.
0:40 of 2nd period - Shot by Mathieu Joseph.
0:40 of 2nd period - Shot Misses the Net.
1:16 of 2nd period - Shot by Chris Kreider.
1:16 of 2nd period - Deflect By Travis Konecny.
1:16 of 2nd period - Shot Misses the Net.
1:26 of 2nd period - Shot by Dougie Hamilton.
1:26 of 2nd period - Stopped by Igor Shesterkin without a rebound.
1:27 of 2nd period - Connor McDavid wins face-off versus Evgeni Malkin in Islanders zone.
1:27 of 2nd period - Connor McDavid is hit by Nino Niederreiter.
2:04 of 2nd period - Off-side.
2:05 of 2nd period - Jean-Gabriel Pageau wins face-off versus Travis Konecny in neutral zone.
2:30 of 2nd period - Shot by Sam Reinhart.
2:30 of 2nd period - Shot Misses the Net.
3:00 of 2nd period - Shot by Shea Theodore.
3:00 of 2nd period - Shot Misses the Net.
3:27 of 2nd period - Minor Penalty to Tanner Jeannot for High sticking.
3:28 of 2nd period - Jean-Gabriel Pageau wins face-off versus Evgeni Malkin in Islanders zone.
3:41 of 2nd period - Shot by Erik Gustafsson.
3:41 of 2nd period - Shot Misses the Net.
3:43 of 2nd period - Shot by Damon Severson.
3:43 of 2nd period - Stopped by Igor Shesterkin without a rebound.
3:44 of 2nd period - Evgeni Malkin wins face-off versus Jean-Gabriel Pageau in Islanders zone.
3:55 of 2nd period - Shea Theodore is hit by Evgeni Malkin.
4:05 of 2nd period - Brad Marchand is hit by Nino Niederreiter and loses puck.
4:13 of 2nd period - Icing by Damon Severson.
4:14 of 2nd period - Jean-Gabriel Pageau wins face-off versus Evgeni Malkin in Devils zone.
4:27 of 2nd period - Shayne Gostisbehere is hit by Nino Niederreiter and loses puck.
5:55 of 2nd period - Shot by Mike Hoffman.
5:55 of 2nd period - Stopped by Igor Shesterkin with a rebound.
6:10 of 2nd period - Shot by Mathieu Joseph.
6:10 of 2nd period - Shot Misses the Net.
6:42 of 2nd period - Damon Severson is hit by Brad Marchand and loses puck.
7:22 of 2nd period - Shot by Evgeni Malkin.
7:22 of 2nd period - Stopped by Igor Shesterkin without a rebound.
7:23 of 2nd period - Nicklas Backstrom wins face-off versus Barrett Hayton in Islanders zone.
7:33 of 2nd period - Icing by Kyle Okposo.
7:34 of 2nd period - Chandler Stephenson wins face-off versus Nicklas Backstrom in Devils zone.
8:00 of 2nd period - Icing by Pavel Buchnevich.
8:01 of 2nd period - Chandler Stephenson wins face-off versus Sam Reinhart in Islanders zone.
8:09 of 2nd period - Minor Penalty to Damon Severson for Hooking.
8:10 of 2nd period - Dylan Cozens wins face-off versus Jake Guentzel in Devils zone.
8:10 of 2nd period - Dylan Cozens is hit by Connor McDavid.
8:32 of 2nd period - Shot by Brent Burns.
8:32 of 2nd period - Stopped by Filip Gustavsson without a rebound.
8:33 of 2nd period - Chandler Stephenson wins face-off versus Dylan Cozens in Devils zone.
9:10 of 2nd period - Mathieu Joseph is hit by Mason Marchment and loses puck.
9:45 of 2nd period - Shot by Brad Marchand.
9:45 of 2nd period - Shot Misses the Net.
9:47 of 2nd period - Shot by Shea Theodore.
9:47 of 2nd period - Stopped by Filip Gustavsson with a rebound.
9:49 of 2nd period - Shot by Brent Burns.
9:49 of 2nd period - Shot Blocked by Mathieu Joseph.
9:51 of 2nd period - Shot by Shea Theodore.
9:51 of 2nd period - Shot Blocked by Justin Schultz.
9:53 of 2nd period - Shot by Brad Marchand.
9:53 of 2nd period - Goal by Brad Marchand - Islanders : 1 - Devils : 0.
9:54 of 2nd period - Sam Reinhart wins face-off versus Barrett Hayton in neutral zone.
9:59 of 2nd period - Shot by Chris Kreider.
9:59 of 2nd period - Stopped by Igor Shesterkin without a rebound.
10:00 of 2nd period - Evgeni Malkin wins face-off versus Connor McDavid in Islanders zone.
10:05 of 2nd period - Shot by Matt Boldy.
10:05 of 2nd period - Shot Misses the Net.
10:29 of 2nd period - Shot by Matt Boldy.
10:29 of 2nd period - Shot Blocked by Shea Theodore.
11:27 of 2nd period - Chris Kreider is hit by Neal Pionk and loses puck.
12:04 of 2nd period - Shot by Jean-Gabriel Pageau.
12:04 of 2nd period - Shot Misses the Net.
12:06 of 2nd period - Shot by Jean-Gabriel Pageau.
12:06 of 2nd period - Shot Blocked by Mike Hoffman.
12:08 of 2nd period - Shot by Jean-Gabriel Pageau.
12:08 of 2nd period - Shot Misses the Net.
12:10 of 2nd period - Shot by Mason Marchment.
12:10 of 2nd period - Shot Misses the Net.
12:12 of 2nd period - Shot by Jean-Gabriel Pageau.
12:12 of 2nd period - Deflect By Kyle Palmieri.
12:12 of 2nd period - Stopped by Filip Gustavsson with a rebound.
12:14 of 2nd period - Shot by Kyle Palmieri.
12:14 of 2nd period - Stopped by Filip Gustavsson without a rebound.
12:15 of 2nd period - Barrett Hayton wins face-off versus Evgeni Malkin in Devils zone.
12:54 of 2nd period - Icing by Shea Theodore.
12:55 of 2nd period - Chris Kreider wins face-off versus Barrett Hayton in Islanders zone.
13:24 of 2nd period - Shot by Sam Reinhart.
13:24 of 2nd period - Shot Misses the Net.
13:26 of 2nd period - Shot by Dougie Hamilton.
13:26 of 2nd period - Deflect By Chris Kreider.
13:26 of 2nd period - Stopped by Igor Shesterkin with a rebound.
14:15 of 2nd period - Dylan Cozens is hit by Neal Pionk and loses puck.
14:26 of 2nd period - Shot by Dylan Cozens.
14:26 of 2nd period - Shot Misses the Net.
14:48 of 2nd period - Damon Severson is hit by Brad Marchand and loses puck.
15:06 of 2nd period - Shot by Matt Boldy.
15:06 of 2nd period - Stopped by Igor Shesterkin without a rebound.
15:07 of 2nd period - Sam Reinhart wins face-off versus Pavel Buchnevich in Islanders zone.
15:19 of 2nd period - Shot by Chandler Stephenson.
15:19 of 2nd period - Stopped by Filip Gustavsson without a rebound.
15:20 of 2nd period - Kyle Okposo wins face-off versus Jean-Gabriel Pageau in Devils zone.
15:20 of 2nd period - Kyle Okposo is hit by Jean-Gabriel Pageau.
17:24 of 2nd period - Off-side.
17:25 of 2nd period - Connor McDavid wins face-off versus Travis Konecny in neutral zone.
17:30 of 2nd period - Shot by Brad Marchand.
17:30 of 2nd period - Stopped by Filip Gustavsson without a rebound.
17:31 of 2nd period - Connor McDavid wins face-off versus Sam Reinhart in Devils zone.
17:31 of 2nd period - Connor McDavid is hit by Urho Vaakanainen.
17:38 of 2nd period - Chris Kreider is hit by Neal Pionk.
18:04 of 2nd period - Shot by Jake Guentzel.
18:04 of 2nd period - Stopped by Filip Gustavsson without a rebound.
18:05 of 2nd period - Evgeni Malkin wins face-off versus Barrett Hayton in Devils zone.
18:05 of 2nd period - Evgeni Malkin is hit by Tanner Jeannot.
18:08 of 2nd period - Icing by Damon Severson.
18:09 of 2nd period - Evgeni Malkin wins face-off versus Pavel Buchnevich in Devils zone.
18:14 of 2nd period - Shot by Matt Boldy.
18:14 of 2nd period - Shot Blocked by Brent Burns.
18:28 of 2nd period - Shot by Chandler Stephenson.
18:28 of 2nd period - Shot Misses the Net.
18:30 of 2nd period - Shot by Chandler Stephenson.
18:30 of 2nd period - Stopped by Filip Gustavsson without a rebound.
18:31 of 2nd period - Connor McDavid wins face-off versus Dylan Cozens in Devils zone.
19:29 of 2nd period - Icing by Ryan Graves.
19:30 of 2nd period - Sam Reinhart wins face-off versus Connor McDavid in Islanders zone.
19:35 of 2nd period - Shot by Chris Kreider.
19:35 of 2nd period - Stopped by Igor Shesterkin without a rebound.
19:36 of 2nd period - Evgeni Malkin wins face-off versus Chandler Stephenson in Islanders zone.
19:37 of 2nd period - Shot by Matt Boldy.
19:37 of 2nd period - Stopped by Igor Shesterkin without a rebound.
19:38 of 2nd period - Evgeni Malkin wins face-off versus Chandler Stephenson in Islanders zone.
Goals for this period are 1 for Islanders vs 0 for Devils.
Shots for this period are 9 for Islanders vs 9 for Devils.

3rd period


0:01 of 3rd period - Sam Reinhart wins face-off versus Connor McDavid in neutral zone.
0:46 of 3rd period - Mikhail Sergachev is hit by Jake Guentzel and loses puck.
1:09 of 3rd period - Shot by Pavel Buchnevich.
1:09 of 3rd period - Stopped by Filip Gustavsson with a rebound.
1:11 of 3rd period - Shot by Chandler Stephenson.
1:11 of 3rd period - Shot Blocked by Sam Reinhart.
1:16 of 3rd period - Pavel Buchnevich is hit by Mikhail Sergachev and loses puck.
1:19 of 3rd period - Shot by Pavel Buchnevich.
1:19 of 3rd period - Shot Misses the Net.
1:55 of 3rd period - Shot by Evgeni Malkin.
1:55 of 3rd period - Goal by Evgeni Malkin - Islanders : 1 - Devils : 1.
1:56 of 3rd period - Mathieu Joseph wins face-off versus Barrett Hayton in neutral zone.
1:59 of 3rd period - Shot by Mike Hoffman.
1:59 of 3rd period - Shot Blocked by Justin Holl.
2:13 of 3rd period - Shot by Tanner Jeannot.
2:13 of 3rd period - Stopped by Filip Gustavsson without a rebound.
2:14 of 3rd period - Connor McDavid wins face-off versus Evgeni Malkin in Devils zone.
2:23 of 3rd period - Shot by Connor McDavid.
2:23 of 3rd period - Stopped by Filip Gustavsson without a rebound.
2:24 of 3rd period - Connor McDavid wins face-off versus Mathieu Joseph in Devils zone.
2:52 of 3rd period - Dylan Cozens is hit by Shea Theodore and loses puck.
3:28 of 3rd period - Shot by Nino Niederreiter.
3:28 of 3rd period - Stopped by Igor Shesterkin without a rebound.
3:29 of 3rd period - Chandler Stephenson wins face-off versus Sam Reinhart in Islanders zone.
4:31 of 3rd period - Shot by Matt Boldy.
4:31 of 3rd period - Stopped by Igor Shesterkin without a rebound.
4:32 of 3rd period - Dylan Cozens wins face-off versus Jean-Gabriel Pageau in Islanders zone.
4:37 of 3rd period - Shot by Mike Hoffman.
4:37 of 3rd period - Shot Misses the Net.
5:36 of 3rd period - Icing by Mathieu Joseph.
5:37 of 3rd period - Dylan Cozens wins face-off versus Barrett Hayton in Devils zone.
6:11 of 3rd period - Icing by Shea Theodore.
6:12 of 3rd period - Evgeni Malkin wins face-off versus Kevin Rooney in Islanders zone.
6:36 of 3rd period - Icing by Matt Boldy.
6:37 of 3rd period - Evgeni Malkin wins face-off versus Chandler Stephenson in Devils zone.
7:04 of 3rd period - Shot by Chandler Stephenson.
7:04 of 3rd period - Shot Misses the Net.
7:08 of 3rd period - Shot by Pavel Buchnevich.
7:08 of 3rd period - Shot Misses the Net.
7:25 of 3rd period - Icing by Damon Severson.
7:26 of 3rd period - Connor McDavid wins face-off versus Evgeni Malkin in Devils zone.
7:39 of 3rd period - Shot by Connor McDavid.
7:39 of 3rd period - Shot Blocked by Damon Severson.
7:41 of 3rd period - Shot by Ryan Graves.
7:41 of 3rd period - Shot Hit the Post.
7:43 of 3rd period - Shot by Ryan Graves.
7:43 of 3rd period - Goal by Ryan Graves - Islanders : 2 - Devils : 1.
7:44 of 3rd period - Sam Reinhart wins face-off versus Jean-Gabriel Pageau in neutral zone.
7:58 of 3rd period - Off-side.
7:59 of 3rd period - Connor McDavid wins face-off versus Dylan Cozens in neutral zone.
7:59 of 3rd period - Connor McDavid is hit by Dylan Cozens.
8:11 of 3rd period - Shot by Jake Guentzel.
8:11 of 3rd period - Shot Misses the Net.
8:44 of 3rd period - Shot by Mathieu Joseph.
8:44 of 3rd period - Shot Misses the Net.
9:12 of 3rd period - Shot by Sam Reinhart.
9:12 of 3rd period - Shot Misses the Net.
9:30 of 3rd period - Shot by Chandler Stephenson.
9:30 of 3rd period - Deflect By Pavel Buchnevich.
9:30 of 3rd period - Stopped by Filip Gustavsson without a rebound.
9:31 of 3rd period - Evgeni Malkin wins face-off versus Mason Marchment in Devils zone.
9:35 of 3rd period - Off-side.
9:36 of 3rd period - Evgeni Malkin wins face-off versus Jean-Gabriel Pageau in neutral zone.
10:55 of 3rd period - Shot by Connor McDavid.
10:55 of 3rd period - Stopped by Filip Gustavsson with a rebound.
11:06 of 3rd period - Travis Konecny is hit by Shea Theodore and loses puck.
11:18 of 3rd period - Travis Konecny is hit by Shea Theodore and loses puck.
11:51 of 3rd period - Shot by Chandler Stephenson.
11:51 of 3rd period - Stopped by Filip Gustavsson without a rebound.
11:52 of 3rd period - Barrett Hayton wins face-off versus Nicklas Backstrom in Devils zone.
12:18 of 3rd period - Icing by Justin Schultz.
12:19 of 3rd period - Chandler Stephenson wins face-off versus Nicklas Backstrom in Devils zone.
12:20 of 3rd period - Shot by Pavel Buchnevich.
12:20 of 3rd period - Shot Misses the Net.
12:28 of 3rd period - Neal Pionk is hit by Kyle Okposo and loses puck.
12:33 of 3rd period - Shot by Nicklas Backstrom.
12:33 of 3rd period - Stopped by Igor Shesterkin without a rebound.
12:34 of 3rd period - Jean-Gabriel Pageau wins face-off versus Matt Boldy in Islanders zone.
12:39 of 3rd period - Shot by Matt Boldy.
12:39 of 3rd period - Goal by Matt Boldy - Islanders : 2 - Devils : 2.
12:40 of 3rd period - Chandler Stephenson wins face-off versus Sam Reinhart in neutral zone.
12:59 of 3rd period - Shot by Pavel Buchnevich.
12:59 of 3rd period - Shot Misses the Net.
13:15 of 3rd period - Shot by Michael Bunting.
13:15 of 3rd period - Stopped by Filip Gustavsson with a rebound.
13:17 of 3rd period - Shot by Brent Burns.
13:17 of 3rd period - Shot Misses the Net.
13:19 of 3rd period - Shot by Brent Burns.
13:19 of 3rd period - Stopped by Filip Gustavsson with a rebound.
13:24 of 3rd period - Double Minor Penalty to Damon Severson for Slashing.
13:25 of 3rd period - Dylan Cozens wins face-off versus Connor McDavid in Devils zone.
13:37 of 3rd period - Icing by Neal Pionk.
13:38 of 3rd period - Dylan Cozens wins face-off versus Connor McDavid in Islanders zone.
13:49 of 3rd period - Shot by Shayne Gostisbehere.
13:49 of 3rd period - Shot Misses the Net.
13:58 of 3rd period - Connor McDavid is hit by Dougie Hamilton and loses puck.
14:03 of 3rd period - Shot by Neal Pionk.
14:03 of 3rd period - Shot Misses the Net.
14:05 of 3rd period - Shot by Neal Pionk.
14:05 of 3rd period - Shot Blocked by Dougie Hamilton.
14:09 of 3rd period - Shot by Shayne Gostisbehere.
14:09 of 3rd period - Shot Misses the Net.
14:11 of 3rd period - Shot by Shayne Gostisbehere.
14:11 of 3rd period - Stopped by Filip Gustavsson with a rebound.
14:13 of 3rd period - Shot by Neal Pionk.
14:13 of 3rd period - Shot Misses the Net.
14:15 of 3rd period - Shot by Brad Marchand.
14:15 of 3rd period - Stopped by Filip Gustavsson without a rebound.
14:16 of 3rd period - Dylan Cozens wins face-off versus Chandler Stephenson in Devils zone.
14:41 of 3rd period - Shot by Pavel Buchnevich.
14:41 of 3rd period - Stopped by Filip Gustavsson without a rebound.
14:42 of 3rd period - Connor McDavid wins face-off versus Dylan Cozens in Devils zone.
14:51 of 3rd period - Shot by Connor McDavid.
14:51 of 3rd period - Shot Blocked by Dougie Hamilton.
14:53 of 3rd period - Shot by Neal Pionk.
14:53 of 3rd period - Shot Blocked by Dougie Hamilton.
14:55 of 3rd period - Shot by Neal Pionk.
14:55 of 3rd period - Shot Blocked by Erik Gustafsson.
14:57 of 3rd period - Shot by Shayne Gostisbehere.
14:57 of 3rd period - Shot Misses the Net.
14:59 of 3rd period - Shot by Connor McDavid.
14:59 of 3rd period - Stopped by Filip Gustavsson without a rebound.
15:00 of 3rd period - Nicklas Backstrom wins face-off versus Chandler Stephenson in Devils zone.
15:21 of 3rd period - Shot by Pavel Buchnevich.
15:21 of 3rd period - Stopped by Filip Gustavsson without a rebound.
15:22 of 3rd period - Connor McDavid wins face-off versus Dylan Cozens in Devils zone.
15:37 of 3rd period - Shot by Brad Marchand.
15:37 of 3rd period - Shot Misses the Net.
15:39 of 3rd period - Shot by Connor McDavid.
15:39 of 3rd period - Shot Misses the Net.
15:59 of 3rd period - Shot by Neal Pionk.
15:59 of 3rd period - Shot Misses the Net.
16:01 of 3rd period - Shot by Shayne Gostisbehere.
16:01 of 3rd period - Goal by Shayne Gostisbehere - Islanders : 3 - Devils : 2.
16:02 of 3rd period - Chandler Stephenson wins face-off versus Evgeni Malkin in neutral zone.
16:05 of 3rd period - Shot by Pavel Buchnevich.
16:05 of 3rd period - Shot Blocked by Justin Schultz.
16:07 of 3rd period - Shot by Chandler Stephenson.
16:07 of 3rd period - Stopped by Filip Gustavsson without a rebound.
16:08 of 3rd period - Chandler Stephenson wins face-off versus Evgeni Malkin in Devils zone.
16:08 of 3rd period - Chandler Stephenson is hit by Justin Schultz.
16:17 of 3rd period - Pavel Buchnevich is hit by Justin Schultz and loses puck.
16:38 of 3rd period - Shot by Pavel Buchnevich.
16:38 of 3rd period - Stopped by Filip Gustavsson without a rebound.
16:39 of 3rd period - Connor McDavid wins face-off versus Dylan Cozens in Devils zone.
17:42 of 3rd period - Off-side.
17:43 of 3rd period - Evgeni Malkin wins face-off versus Jean-Gabriel Pageau in neutral zone.
17:47 of 3rd period - Off-side.
17:48 of 3rd period - Evgeni Malkin wins face-off versus Chandler Stephenson in neutral zone.
18:59 of 3rd period - Off-side.
19:00 of 3rd period - Jean-Gabriel Pageau wins face-off versus Sam Reinhart in neutral zone.
19:02 of 3rd period - Off-side.
19:03 of 3rd period - Sam Reinhart wins face-off versus Jean-Gabriel Pageau in neutral zone.
19:06 of 3rd period - Devils, Filip Gustavsson is pulled from the net.
19:08 of 3rd period - Shot by Mikhail Sergachev.
19:08 of 3rd period - Shot Misses the Net.
19:21 of 3rd period - Mikhail Sergachev is hit by Tanner Jeannot and loses puck.
19:27 of 3rd period - Icing by Dougie Hamilton.
19:28 of 3rd period - Filip Gustavsson from Devils was sent back in the game.
19:28 of 3rd period - Sam Reinhart wins face-off versus Jean-Gabriel Pageau in Devils zone.
19:33 of 3rd period - Justin Holl is hit by Travis Konecny and loses puck.
19:36 of 3rd period - Devils, Filip Gustavsson is pulled from the net.
19:44 of 3rd period - Shot by Chris Kreider.
19:44 of 3rd period - Shot Misses the Net.
19:46 of 3rd period - Shot by Travis Konecny.
19:46 of 3rd period - Shot Blocked by Justin Holl.
19:48 of 3rd period - Shot by Mikhail Sergachev.
19:48 of 3rd period - Goal by Mikhail Sergachev - Islanders : 3 - Devils : 3.
19:48 of 3rd period - Filip Gustavsson from Devils was sent back in the game.
19:49 of 3rd period - Brad Marchand wins face-off versus Dylan Cozens in neutral zone.
Goals for this period are 2 for Islanders vs 3 for Devils.
Shots for this period are 17 for Islanders vs 6 for Devils.

Overtime #1


0:01 of 1st overtime period - Chris Kreider wins face-off versus Chandler Stephenson in neutral zone.
0:06 of 1st overtime period - Shot by Chris Kreider.
0:06 of 1st overtime period - Deflect By Sam Reinhart.
0:06 of 1st overtime period - Shot Blocked by Chandler Stephenson.
0:09 of 1st overtime period - Icing by Chandler Stephenson.
0:10 of 1st overtime period - Chris Kreider wins face-off versus Chandler Stephenson in Islanders zone.
0:17 of 1st overtime period - Shot by Chris Kreider.
0:17 of 1st overtime period - Stopped by Igor Shesterkin without a rebound.
0:18 of 1st overtime period - Connor McDavid wins face-off versus Chris Kreider in Islanders zone.
1:55 of 1st overtime period - Shot by Evgeni Malkin.
1:55 of 1st overtime period - Stopped by Igor Shesterkin without a rebound.
1:56 of 1st overtime period - Jean-Gabriel Pageau wins face-off versus Matt Boldy in Islanders zone.
1:58 of 1st overtime period - Icing by Shayne Gostisbehere.
1:59 of 1st overtime period - Chris Kreider wins face-off versus Jean-Gabriel Pageau in Islanders zone.
2:06 of 1st overtime period - Shot by Chris Kreider.
2:06 of 1st overtime period - Shot Misses the Net.
2:08 of 1st overtime period - Shot by Dougie Hamilton.
2:08 of 1st overtime period - Goal by Dougie Hamilton - Islanders : 3 - Devils : 4.
Goals for this period are 0 for Islanders vs 1 for Devils.
Shots for this period are 0 for Islanders vs 3 for Devils.